 Dungeon Sprint DCSS version 0.28.0-53-g5a82cb258f (webtiles) character file.

Game seed: 10721773368007325459

4800000 Arandomuser85 the Axe Maniac (level 23, -4/262 HPs)
             Began as a Deep Dwarf Monk on May 20, 2022.
             Was the Champion of Makhleb.
             Slain by a destroyer
             ... wielding a +9 vorpal great sword
              (63 damage)
             ... in the Dungeon (Sprint VIII: "Arena of Blood").
             The game lasted 00:01:58 (48 turns).

Arandomuser85 the Axe Maniac (Deep Dwarf Monk)        Turns: 48, Time: 00:01:58

Health: -4/262     AC:  3    Str: 19    XL:     23   Next: 7%
Magic:  20/42      EV: 34    Int: 12    God:    Makhleb [******]
Gold:   0          SH:  0    Dex: 21    Spells: 52/52 levels left

rFire   . . .      SeeInvis .   i - +∞ Axe of Woe
rCold   . . .      Faith    .   (shield currently unavailable)
rNeg    + . .      Spirit   .   b - +0 robe
rPois   .          Reflect  .   (no helmet)
rElec   .          Harm     .   (no cloak)
rCorr   .          Rampage  .   (no gloves)
Will    +++..      NoTele   +   (no boots)
Stlth   ++++++++++              (no amulet)
HPRegen 0.00/turn               (no ring)
MPRegen 0.28/turn               (no ring)

@: no status effects
A: damage resistance, heal wounds, negative energy resistance 1, sense
surroundings 3, no regeneration
a: Heal Wounds, Renounce Religion, Minor Destruction, Lesser Servant of Makhleb,
Major Destruction, Greater Servant of Makhleb


You were in the Dungeon.
You worshipped Makhleb.
Makhleb was exalted by your worship.
You visited 1 branch

Inventory:

Hand Weapons
 a - a +0 hand axe
 i - the +∞ Axe of Woe (weapon)
   (You found it in the Dungeon)
Armour
 b - a +0 robe (worn)
Scrolls
 h - a scroll of blinking
Potions
 c - a potion of curing
 d - a potion of heal wounds
 e - a potion of haste
 f - 2 potions of magic
 g - a potion of berserk rage


   Skills:
 O Level 27 Fighting
 + Level 16.2(18.3) Short Blades
 + Level 15.4(18.8) Long Blades
 O Level 27 Axes
 + Level 15.4(23.6) Maces & Flails
 + Level 14.2(21.9) Polearms
 + Level 14.2(18.7) Staves
 + Level 19.1(22.1) Slings
 + Level 13.8 Bows
 + Level 19.0 Crossbows
 + Level 16.2(19.0) Throwing
 + Level 19.0 Armour
 O Level 27 Dodging
 O Level 27 Stealth
 + Level 19.0 Shields
 + Level 16.2 Unarmed Combat
 + Level 15.0 Spellcasting
 + Level 16.2 Conjurations
 + Level 15.0 Hexes
 + Level 16.2 Summonings
 + Level 19.0 Necromancy
 + Level 19.1 Translocations
 + Level 16.2 Transmutations
 + Level 16.2 Fire Magic
 + Level 16.2 Ice Magic
 + Level 13.8 Air Magic
 + Level 22.2 Earth Magic
 + Level 15.0 Poison Magic
 + Level 22.2 Invocations
 + Level 22.2 Evocations


You had 52 spell levels left.
You didn't know any spells.
Your spell library was empty.

Dungeon Overview and Level Annotations

Branches:
Dungeon (1/1)

Altars:
Makhleb


Innate Abilities, Weirdness & Mutations

You are resistant to damage.
You can heal yourself by infusing magical energy.
You resist negative energy. (rN+)
You passively map a large area around you.
You do not regenerate.


Message History

You are engulfed in blazing flames.
You hear a shout! x5
The destroyer points at you and mumbles some strange words.
The destroyer blinks!
Your base Staves skill increases to level 14!
Your base Slings skill increases to level 19!
Your Crossbows skill increases to level 19!
Your base Throwing skill increases to level 16!
Your Armour skill increases to level 19!
Your Shields skill increases to level 19!
Your Spellcasting skill increases to level 15!
Your Conjurations skill increases to level 16!
Your Hexes skill increases to level 15!
Your Summonings skill increases to level 16!
Your Necromancy skill increases to level 19!
Your Translocations skill increases to level 19!
Your Transmutations skill increases to level 16!
Your Fire Magic skill increases to level 16!
Your Ice Magic skill increases to level 16!
Your Earth Magic skill increases to level 22!
Your Poison Magic skill increases to level 15!
Your Invocations skill increases to level 22!
Your Evocations skill increases to level 22!
You have reached level 23!
You feel much better.
You are engulfed in blazing flames.
You hear a shout! x4
The destroyer points at you and mumbles some strange words.
The destroyer blinks!
A meat berserker comes into view. It is wielding a +9 battleaxe.
The eight-headed meat hydra calls on the powers of darkness!
The eight-headed meat hydra convulses!
Your body is wracked with pain!
* * * LOW HITPOINT WARNING * * *
The large bag of meat convulses!
Flame seeps out of the large bag of meat.
The bag of meat convulses!
The meat berserker convulses!
The bag of meat convulses!
You hear a shout!
The destroyer is engulfed in blazing flames.
The destroyer hits you with a +9 vorpal great sword!!!
You die...

, #..,,...# .... , *,
, , .###..
...###......, ,
,......###...........
,, ,
......_............ ,
, ,, *
,#....)#.....z.#.* ,
,,, #_.<○§#.☼.......,
, *, ,
.#...☼)#)§Dz.V#.# , ,
*
,......_§).§V)V.....
,, , ,
......###)○)@)§...# *
, ,
.###....☼.O###§.M...,
, ,, #.......# ,
..o.O , #.......# ,
.... , ,*,, , ,
......§.. , ... *
,......... , .#, ,, ,
*, ........., # ,, *,
..ooO.., ,, , , ,, ,
*,, , , ,


You could see an accursed, an eight-headed meat hydra, 3 destroyers, 2 sculptors
of flesh, a large bag of meat (inner flame), a meat berserker (berserk) and a
bag of meat.

Vanquished Creatures
  7 vampire knights (D)
  20 ogres (D)
  4 two-headed ogres (D)
  29 orcs (D)
  3 skeletal warriors (D)
63 creatures vanquished.

Vanquished Creatures (others)
  A two-headed ogre (D)
  A hydra (D)
  2 orcs (D)
4 creatures vanquished.

Grand Total: 67 creatures vanquished

Notes
Turn   | Place    | Note
-------+----------+-------------------------------------------
     0 | D        | Found the +∞ Axe of Woe
     0 | D        | Arandomuser85 the Deep Dwarf Monk began the quest for the
                  | Orb.
     0 | D        | Reached XP level 1. HP: 20/20 MP: 1/1
     1 | D        | Noticed a bag of meat
     2 | D        | Noticed a bag of meat
     3 | D        | Became a worshipper of Makhleb the Destroyer
     3 | D        | Reached * piety under Makhleb
     3 | D        | Reached ** piety under Makhleb
     3 | D        | Noticed a bag of meat
     4 | D        | Noticed a meat berserker
     6 | D        | Killed a meat berserker
     7 | D        | Reached skill level 15 in Fighting
     7 | D        | Reached XP level 2. HP: 54/54 MP: 2/2
     7 | D        | Reached XP level 3. HP: 61/61 MP: 3/3
     7 | D        | Reached XP level 4. HP: 69/69 MP: 4/4
     7 | D        | Reached XP level 5. HP: 76/76 MP: 5/5
     7 | D        | Reached XP level 6. HP: 85/85 MP: 6/6
     7 | D        | Reached XP level 7. HP: 92/92 MP: 7/7
     7 | D        | Reached XP level 8. HP: 100/100 MP: 8/8
     7 | D        | Gained mutation: You passively map the area around you.
                  | [Deep Dwarf growth]
     7 | D        | Reached XP level 9. HP: 109/109 MP: 9/9
     7 | D        | Reached XP level 10. HP: 117/117 MP: 10/10
     7 | D        | Reached XP level 11. HP: 124/124 MP: 11/11
     8 | D        | Killed a bag of meat
     8 | D        | Noticed a bag of meat
     9 | D        | Reached XP level 12. HP: 136/136 MP: 12/12
     9 | D        | Killed a bag of meat
     9 | D        | Noticed a meat berserker
    10 | D        | Reached XP level 13. HP: 146/146 MP: 13/13
    10 | D        | Killed a bag of meat
    10 | D        | Reached *** piety under Makhleb
    10 | D        | Noticed a bag of meat
    11 | D        | Reached skill level 10 in Stealth
    13 | D        | Killed a meat berserker
    13 | D        | Noticed a bag of meat
    14 | D        | Gained mutation: You resist negative energy. (rN+) [Deep
                  | Dwarf growth]
    14 | D        | Reached XP level 14. HP: 163/163 MP: 14/14
    14 | D        | Noticed a bag of meat
    14 | D        | Noticed a bag of meat
    14 | D        | Noticed a bag of meat
    14 | D        | Noticed a bag of meat
    15 | D        | Killed a bag of meat
    15 | D        | Noticed a meat berserker
    16 | D        | Noticed a meat berserker
    16 | D        | Noticed a bag of meat
    16 | D        | Noticed a bag of meat
    16 | D        | Noticed a large bag of meat
    16 | D        | Noticed a meat berserker
    16 | D        | Noticed a bag of meat
    16 | D        | Noticed a bag of meat
    16 | D        | Noticed a meat berserker
    16 | D        | Noticed a bag of meat
    16 | D        | Noticed a meat berserker
    16 | D        | Noticed a meat berserker
    16 | D        | Noticed a bag of meat
    17 | D        | Noticed a meat berserker
    17 | D        | Killed a bag of meat
    17 | D        | Reached **** piety under Makhleb
    17 | D        | Noticed a meat berserker
    17 | D        | Noticed a bag of meat
    18 | D        | Reached skill level 27 in Axes
    18 | D        | Killed a bag of meat
    18 | D        | Noticed a bag of meat
    19 | D        | Noticed a destroyer
    19 | D        | Noticed a destroyer
    19 | D        | Killed a meat berserker
    19 | D        | Noticed a bag of meat
    19 | D        | Noticed a bag of meat
    20 | D        | Reached skill level 27 in Dodging
    20 | D        | Reached XP level 15. HP: 181/181 MP: 15/15
    20 | D        | Killed a meat berserker
    21 | D        | Reached skill level 15 in Stealth
    21 | D        | Killed a meat berserker
    21 | D        | Reached ***** piety under Makhleb
    21 | D        | Killed a meat berserker
    21 | D        | Noticed a meat berserker
    22 | D        | Reached skill level 27 in Fighting
    22 | D        | Reached skill level 27 in Stealth
    22 | D        | Reached XP level 16. HP: 200/200 MP: 16/16
    22 | D        | Noticed a meat berserker
    23 | D        | Reached skill level 1 in Polearms
    23 | D        | Reached skill level 1 in Staves
    23 | D        | Reached skill level 1 in Bows
    23 | D        | Reached skill level 1 in Spellcasting
    23 | D        | Reached skill level 1 in Hexes
    23 | D        | Reached skill level 1 in Air Magic
    23 | D        | Reached skill level 1 in Poison Magic
    23 | D        | Killed a meat berserker
    23 | D        | Noticed a meat berserker
    24 | D        | Reached skill level 5 in Earth Magic
    24 | D        | Reached skill level 5 in Invocations
    24 | D        | Reached skill level 5 in Evocations
    24 | D        | Killed a meat berserker
    24 | D        | Killed a meat berserker
    24 | D        | Killed a large bag of meat
    24 | D        | Reached ****** piety under Makhleb
    24 | D        | Noticed a meat berserker
    25 | D        | Reached skill level 5 in Long Blades
    25 | D        | Reached skill level 5 in Maces & Flails
    25 | D        | Reached skill level 5 in Polearms
    25 | D        | Reached skill level 5 in Staves
    25 | D        | Reached skill level 5 in Bows
    25 | D        | Reached skill level 5 in Spellcasting
    25 | D        | Reached skill level 5 in Hexes
    25 | D        | Reached skill level 5 in Air Magic
    25 | D        | Reached skill level 5 in Poison Magic
    25 | D        | Reached XP level 17. HP: 179/208 MP: 16/25
    25 | D        | Noticed a large bag of meat
    25 | D        | Killed a destroyer
    25 | D        | Killed a meat berserker
    25 | D        | Noticed a meat berserker
    25 | D        | Noticed a meat berserker
    26 | D        | Gained mutation: You passively map a large area around you.
                  | [Deep Dwarf growth]
    26 | D        | Reached XP level 18. HP: 211/218 MP: 16/28
    27 | D        | Noticed a destroyer
    28 | D        | Reached skill level 10 in Slings
    28 | D        | Reached skill level 10 in Crossbows
    28 | D        | Reached skill level 10 in Armour
    28 | D        | Reached skill level 10 in Shields
    28 | D        | Reached skill level 10 in Necromancy
    28 | D        | Reached skill level 10 in Translocations
    28 | D        | Noticed a destroyer
    28 | D        | Noticed a large bag of meat
    28 | D        | Noticed a meat berserker
    29 | D        | Reached XP level 19. HP: 215/226 MP: 16/31
    29 | D        | Killed a meat berserker
    29 | D        | Noticed a meat berserker
    29 | D        | Noticed a large bag of meat
    30 | D        | Reached skill level 10 in Short Blades
    30 | D        | Reached skill level 10 in Throwing
    30 | D        | Reached skill level 10 in Unarmed Combat
    30 | D        | Reached skill level 10 in Conjurations
    30 | D        | Reached skill level 10 in Summonings
    30 | D        | Reached skill level 10 in Transmutations
    30 | D        | Reached skill level 10 in Fire Magic
    30 | D        | Reached skill level 10 in Ice Magic
    30 | D        | Killed a meat berserker
    30 | D        | Killed a meat berserker
    30 | D        | Killed a destroyer
    31 | D        | Reached skill level 10 in Long Blades
    31 | D        | Reached skill level 10 in Maces & Flails
    31 | D        | Reached skill level 10 in Polearms
    31 | D        | Reached skill level 10 in Staves
    31 | D        | Reached skill level 10 in Spellcasting
    31 | D        | Reached skill level 10 in Hexes
    31 | D        | Reached skill level 15 in Earth Magic
    31 | D        | Reached skill level 10 in Poison Magic
    31 | D        | Reached skill level 15 in Evocations
    31 | D        | Reached XP level 20. HP: 219/236 MP: 17/34
    31 | D        | Killed a meat berserker
    31 | D        | Noticed an eight-headed meat hydra
    32 | D        | Reached skill level 10 in Bows
    32 | D        | Reached skill level 10 in Air Magic
    32 | D        | Killed a meat berserker
    33 | D        | Noticed a destroyer
    33 | D        | Killed a meat berserker
    33 | D        | Killed a meat berserker
    33 | D        | Noticed a destroyer
    34 | D        | Reached skill level 15 in Slings
    34 | D        | Reached skill level 15 in Crossbows
    34 | D        | Reached skill level 15 in Armour
    34 | D        | Reached skill level 15 in Shields
    34 | D        | Reached skill level 15 in Necromancy
    34 | D        | Reached skill level 15 in Translocations
    34 | D        | Reached XP level 21. HP: 132/244 MP: 17/36
    34 | D        | Killed a large bag of meat
    35 | D        | Killed a destroyer
    35 | D        | Killed a destroyer
    36 | D        | Killed a destroyer
    37 | D        | Noticed a destroyer
    37 | D        | Noticed a destroyer
    38 | D        | Reached XP level 22. HP: 61/254 MP: 18/39
    38 | D        | Killed a large bag of meat
    39 | D        | Reached skill level 15 in Short Blades
    39 | D        | Reached skill level 15 in Throwing
    39 | D        | Reached skill level 15 in Unarmed Combat
    39 | D        | Reached skill level 15 in Conjurations
    39 | D        | Reached skill level 15 in Summonings
    39 | D        | Reached skill level 15 in Transmutations
    39 | D        | Reached skill level 15 in Fire Magic
    39 | D        | Reached skill level 15 in Ice Magic
    39 | D        | Noticed a destroyer
    39 | D        | Killed a large bag of meat
    39 | D        | Noticed a large bag of meat
    40 | D        | Noticed a large bag of meat
    42 | D        | Noticed a destroyer
    43 | D        | Killed a large bag of meat
    44 | D        | Killed a destroyer
    45 | D        | Reached skill level 15 in Long Blades
    45 | D        | Reached skill level 15 in Maces & Flails
    46 | D        | Noticed an accursed
    47 | D        | Killed a destroyer
    48 | D        | Reached skill level 15 in Spellcasting
    48 | D        | Reached skill level 15 in Hexes
    48 | D        | Reached skill level 15 in Poison Magic
    48 | D        | Reached XP level 23. HP: 98/262 MP: 20/42
    48 | D        | Slain by a destroyer

Illustrated notes

Levels and vault maps discovered:
D:        meatsprint

Skill      XL: |  1  2  3  4  5  6  7  8  9 10 11 12 13 14 15 16 17 18 19 20 21 22 |
---------------+-------------------------------------------------------------------+-----
Fighting       | 15 17 18 20 24 27 | 27.0
Axes           | 19 21 22 25 27 | 27.0
Dodging        | 18 19 20 23 27 | 27.0
Stealth        | 8 9 11 13 27 | 27.0
Short Blades   | 6 7 9 11 12 14 16 | 16.2
Long Blades    | 5 7 8 10 12 13 15 | 15.4
Maces & Flails | 5 7 8 10 12 13 15 | 15.4
Polearms       | 5 6 8 10 11 12 14 | 14.2
Staves         | 5 6 8 10 11 12 14 | 14.2
Slings         | 7 9 11 13 15 17 19 | 19.1
Bows           | 5 6 7 9 10 12 13 | 13.8
Crossbows      | 7 9 11 13 15 17 19 | 19.0
Throwing       | 6 7 9 11 12 14 16 | 16.2
Armour         | 7 9 11 13 15 17 19 | 19.0
Shields        | 7 9 11 13 15 17 19 | 19.0
Unarmed Combat | 6 7 9 11 12 14 16 | 16.2
Spellcasting   | 5 7 8 10 11 13 15 | 15.0
Conjurations   | 6 7 9 11 12 14 16 | 16.2
Hexes          | 5 7 8 10 11 13 15 | 15.0
Summonings     | 6 7 9 11 12 14 16 | 16.2
Necromancy     | 7 9 11 13 15 17 19 | 19.0
Translocations | 7 9 11 13 15 17 19 | 19.1
Transmutations | 6 7 9 11 12 14 16 | 16.2
Fire Magic     | 6 7 9 11 12 14 16 | 16.2
Ice Magic      | 6 7 9 11 12 14 16 | 16.2
Air Magic      | 5 6 7 9 10 12 13 | 13.8
Earth Magic    | 9 11 13 15 17 20 22 | 22.2
Poison Magic   | 5 7 8 10 11 13 15 | 15.0
Invocations    | 9 11 13 16 17 20 22 | 22.2
Evocations     | 9 11 13 15 17 20 22 | 22.2

Action                   |  1- 3 |  4- 6 |  7- 9 | 10-12 | 13-15 | 16-18 | 19-21 | 22-24 || total
-------------------------+-------+-------+-------+-------+-------+-------+-------+-------++-------
Melee: Executioner's axe |     1 |       |       |     2 |     8 |     7 |     9 |     6 ||    33
 Abil: Heal Wounds       |       |       |       |       |       |       |       |     2 ||     2
